[Event "European Online Club-ch-I 2021"]
[Site "Online"]
[Date "2021.03.27"]
[Round "7.9"]
[White "Arnaudov, G. Petar"]
[Black "Anton Guijarro, David"]
[Result "0-1"]
[ECO "A81"]
[WhiteElo "2471"]
[BlackElo "2673"]
[Annotator "ChessBase"]
[PlyCount "46"]
[EventDate "2021.03.27"]
[EventType "team-tourn"]
[EventCountry "NET"]
[SourceTitle "playchess.com"]
[Source "ChessBase"]
[SourceQuality "1"]
[TimeControl "900+5"]

1. d4 f5 2. Nf3 Nf6 3. g3 g6 4. Bg2 Bg7 5. O-O O-O 6. Nbd2 e6 7. Re1 d5 8. c4 Ne4 9. Qc2 Nc6 10. e3 a5 11. a3 a4 12. Nb1 Na5 13. Nfd2 c5 14. cxd5 cxd4 15. Nxe4 fxe4 16. Qxe4 Nb3 17. dxe6 Re8 18. e7 Rxe7 19. Qd5+ Be6 20. Qxd8+ Rxd8 21. exd4 Bf6 22. Nc3 Nxa1 23. d5 Bf5 0-1

[Event "European Online Club-ch-I 2021"]
[Site "Online"]
[Date "2021.03.27"]
[Round "7.10"]
[White "Mchedlishvili, Mikheil"]
[Black "Marechal, Andy"]
[Result "1-0"]
[ECO "C11"]
[WhiteElo "2570"]
[BlackElo "2332"]
[Annotator "ChessBase"]
[PlyCount "75"]
[EventDate "2021.03.27"]
[EventType "team-tourn"]
[EventCountry "NET"]
[SourceTitle "playchess.com"]
[Source "ChessBase"]
[SourceQuality "1"]
[TimeControl "900+5"]

1. e4 e6 2. d4 d5 3. Nc3 Nf6 4. e5 Nfd7 5. Nce2 c5 6. c3 cxd4 7. cxd4 f6 8. f4 Nc6 9. Nf3 Be7 10. Be3 O-O 11. Nc3 Qb6 12. Qd2 a6 13. Bd3 Nb4 14. Bb1 Nb8 15. O-O Bd7 16. a3 N4c6 17. b4 Na7 18. exf6 Bxf6 19. Ne5 Bxe5 20. dxe5 Qd8 21. Qd1 g6 22. Rf3 Nbc6 23. Ne2 Ne7 24. Rg3 Kh8 25. Rh3 Nac6 26. Qe1 Nf5 27. Bc5 Rg8 28. g4 Nfe7 29. Bf2 Rg7 30. Bh4 Kg8 31. Bf6 Rf7 32. Qh4 Qb6+ 33. Kg2 a5 34. Qg5 Kf8 35. Bxg6 hxg6 36. Rh8+ Ng8 37. Qxg6 Nce7 38. Qg5 1-0

[Event "European Online Club-ch-I 2021"]
[Site "Online"]
[Date "2021.03.27"]
[Round "7.11"]
[White "Dishman, Stephen"]
[Black "Ibarra Jerez, Jose Carlos"]
[Result "0-1"]
[ECO "E60"]
[WhiteElo "2316"]
[BlackElo "2553"]
[Annotator "ChessBase"]
[PlyCount "62"]
[EventDate "2021.03.27"]
[EventType "team-tourn"]
[EventCountry "NET"]
[SourceTitle "playchess.com"]
[Source "ChessBase"]
[SourceQuality "1"]
[TimeControl "900+5"]

1. Nf3 Nf6 2. c4 d6 3. d4 g6 4. b3 Bg7 5. Bb2 O-O 6. g3 c5 7. Bg2 Ne4 8. O-O Nc6 9. h3 Qa5 10. e3 f5 11. Qe2 e5 12. dxe5 dxe5 13. Rd1 Qc7 14. Ne1 Be6 15. Nd3 b6 16. Na3 a6 17. Kh2 g5 18. f4 Rae8 19. Bxe4 fxe4 20. Nxe5 Nxe5 21. Bxe5 Bxe5 22. fxe5 Qxe5 23. Rf1 Rf3 24. Rxf3 exf3 25. Qd1 Qxe3 26. Qe1 Bf5 27. Qxe3 Rxe3 28. g4 Re2+ 29. Kg3 Be4 30. h4 gxh4+ 31. Kxh4 f2 0-1

[Event "European Online Club-ch-I 2021"]
[Site "Online"]
[Date "2021.03.27"]
[Round "7.12"]
[White "Cuenca Jimenez, Jose Fernando"]
[Black "Schwerteck, Michael"]
[Result "1-0"]
[ECO "A21"]
[WhiteElo "2506"]
[BlackElo "2113"]
[Annotator "ChessBase"]
[PlyCount "79"]
[EventDate "2021.03.27"]
[EventType "team-tourn"]
[EventCountry "NET"]
[SourceTitle "playchess.com"]
[Source "ChessBase"]
[SourceQuality "1"]
[TimeControl "900+5"]

1. c4 e5 2. Nc3 Bb4 3. Nd5 Bc5 4. Nf3 c6 5. Nc3 d6 6. e3 Nf6 7. d4 exd4 8. exd4 Bb4 9. Be2 O-O 10. O-O h6 11. h3 Re8 12. a3 Bxc3 13. bxc3 Ne4 14. Bd3 Bf5 15. Qc2 Nd7 16. Rb1 b6 17. Re1 d5 18. Bf4 Qf6 19. Be5 Nxe5 20. dxe5 Qe7 21. Nd4 Bd7 22. a4 Nc5 23. cxd5 Nxd3 24. Qxd3 cxd5 25. f4 Qh4 26. Qf3 Rac8 27. Re3 Rc4 28. Qxd5 Rc7 29. Qf3 Rec8 30. Rf1 Bc6 31. Nxc6 Rxc6 32. f5 Qe7 33. Qg3 Kh7 34. Rf4 Rc5 35. f6 Qf8 36. fxg7 Qxg7 37. Rg4 Qf8 38. Qf3 R8c6 39. e6 f5 40. e7 1-0

[Event "European Online Club-ch-I 2021"]
[Site "Online"]
[Date "2021.03.27"]
[Round "7.13"]
[White "Skytte, Rasmus"]
[Black "Moranda, Wojciech"]
[Result "1/2-1/2"]
[ECO "B22"]
[WhiteElo "2381"]
[BlackElo "2618"]
[Annotator "ChessBase"]
[PlyCount "27"]
[EventDate "2021.03.27"]
[EventType "team-tourn"]
[EventCountry "NET"]
[SourceTitle "playchess.com"]
[Source "ChessBase"]
[SourceQuality "1"]
[TimeControl "900+5"]

1. e4 c5 2. c3 d5 3. exd5 Qxd5 4. d4 Nf6 5. Nf3 e6 6. Bd3 Be7 7. O-O O-O 8. c4 Qh5 9. Be2 cxd4 10. Ng5 Qg6 11. Bd3 Qh5 12. Be2 Qg6 13. Bd3 Qh5 14. Be2 1/2-1/2

[Event "European Online Club-ch-I 2021"]
[Site "Online"]
[Date "2021.03.27"]
[Round "7.14"]
[White "Tomczak, Jacek"]
[Black "Sorensen, Jan"]
[Result "1-0"]
[ECO "C18"]
[WhiteElo "2610"]
[BlackElo "2369"]
[Annotator "ChessBase"]
[PlyCount "61"]
[EventDate "2021.03.27"]
[EventType "team-tourn"]
[EventCountry "NET"]
[SourceTitle "playchess.com"]
[Source "ChessBase"]
[SourceQuality "1"]
[TimeControl "900+5"]

1. e4 e6 2. d4 d5 3. Nc3 Bb4 4. e5 c5 5. a3 Bxc3+ 6. bxc3 Ne7 7. h4 Qc7 8. h5 h6 9. Bd2 b6 10. Qg4 Nf5 11. Bd3 Rg8 12. Ne2 c4 13. Bxf5 exf5 14. Qg3 Kf8 15. Nf4 Be6 16. a4 Nc6 17. Bc1 Ke8 18. Ba3 Kd7 19. Qf3 Ne7 20. Bxe7 Kxe7 21. Nxd5+ Bxd5 22. Qxd5 Rad8 23. Qf3 Qd7 24. O-O Qe6 25. a5 Rd7 26. axb6 axb6 27. Rfb1 Rc8 28. Ra6 Qd5 29. Qxd5 Rxd5 30. Rbxb6 Rc7 31. Kh2 1-0

[Event "European Online Club-ch-I 2021"]
[Site "Online"]
[Date "2021.03.27"]
[Round "7.15"]
[White "Vinter-Schou, Uffe"]
[Black "Klekowski, Maciej"]
[Result "0-1"]
[ECO "B22"]
[WhiteElo "2320"]
[BlackElo "2510"]
[Annotator "ChessBase"]
[PlyCount "130"]
[EventDate "2021.03.27"]
[EventType "team-tourn"]
[EventCountry "NET"]
[SourceTitle "playchess.com"]
[Source "ChessBase"]
[SourceQuality "1"]
[TimeControl "900+5"]

1. e4 c5 2. Nf3 e6 3. c3 Nf6 4. e5 Nd5 5. g3 Nc6 6. Bg2 d6 7. exd6 Bxd6 8. O-O O-O 9. d4 b6 10. c4 Nde7 11. Nc3 Bb7 12. Bg5 h6 13. Bxe7 Nxe7 14. Qe2 cxd4 15. Nxd4 Bxg2 16. Kxg2 Bc5 17. Nf3 Nf5 18. Rfd1 Qe7 19. Ne4 Rfd8 20. h4 Nd4 21. Nxd4 Bxd4 22. Rd3 Rd7 23. Rad1 Rad8 24. b3 f5 25. Nd2 e5 26. f3 Rd6 27. Nf1 e4 28. R3d2 Qe5 29. fxe4 fxe4 30. Ne3 Rg6 31. Ng4 Qe6 32. Nxh6+ gxh6 33. Rxd4 Rxd4 34. Rxd4 Rxg3+ 35. Kxg3 Qe5+ 36. Kg2 Qxd4 37. Qg4+ Kf7 38. Qf4+ Kg7 39. Qg3+ Kh7 40. Qf2 Qg7+ 41. Kf1 Qa1+ 42. Qe1 Qe5 43. Qf2 Kg6 44. Qe3 Kh5 45. Kg2 Qf5 46. b4 Qg4+ 47. Kf1 Qxh4 48. c5 bxc5 49. bxc5 Qf6+ 50. Kg2 Qc6 51. Qd4 Kg6 52. Kg3 Kf5 53. Qd8 Qxc5 54. Qd7+ Ke5 55. Qg7+ Kd5 56. Qf7+ Kd4 57. Qf2+ Kc4 58. Qc2+ Kd5 59. Qb3+ Ke5 60. Qb8+ Kd4 61. Kf4 Qc1+ 62. Kf5 Qg5+ 63. Ke6 Qg6+ 64. Kd7 Qf7+ 65. Kc6 Qd5+ 0-1

[Event "European Online Club-ch-I 2021"]
[Site "Online"]
[Date "2021.03.27"]
[Round "7.16"]
[White "Teclaf, Pawel"]
[Black "Boe, Mads"]
[Result "1-0"]
[ECO "A11"]
[WhiteElo "2507"]
[BlackElo "2250"]
[Annotator "ChessBase"]
[PlyCount "37"]
[EventDate "2021.03.27"]
[EventType "team-tourn"]
[EventCountry "NET"]
[SourceTitle "playchess.com"]
[Source "ChessBase"]
[SourceQuality "1"]
[TimeControl "900+5"]

1. Nf3 d5 2. e3 c6 3. c4 Nf6 4. Nc3 e6 5. Qc2 Bd6 6. b3 O-O 7. Bb2 Qe7 8. Rg1 a6 9. g4 b5 10. g5 Nfd7 11. h4 Bb7 12. h5 e5 13. Nh4 Ba3 14. Nf5 Qb4 15. g6 fxg6 16. hxg6 h6 17. Nxh6+ gxh6 18. g7 Rf6 19. Qh7+ 1-0

[Event "European Online Club-ch-I 2021"]
[Site "Online"]
[Date "2021.03.27"]
[Round "7.17"]
[White "Bulockin, Martin"]
[Black "Stephan, Victor"]
[Result "1/2-1/2"]
[ECO "D02"]
[WhiteElo "2315"]
[BlackElo "2430"]
[Annotator "NA"]
[PlyCount "133"]
[EventDate "2021.03.27"]
[EventType "team-tourn"]
[EventCountry "NET"]
[SourceTitle "playchess.com"]
[Source "ChessBase"]
[SourceQuality "1"]
[TimeControl "900+5"]

1. d4 Nf6 2. Nf3 e6 3. Bf4 d5 4. e3 Bd6 5. Bg3 c5 6. c3 O-O 7. Nbd2 Qc7 8. Ne5 Nc6 9. f4 b6 10. Bd3 Ne7 11. Bh4 Ng6 12. Bf2 Bb7 13. Qf3 Rae8 14. O-O cxd4 15. exd4 a6 16. Rae1 b5 17. a3 Qb6 18. g4 Rd8 19. g5 Nd7 20. Nxg6 fxg6 21. Rxe6 Rxf4 22. Qe2 Nf8 23. Re8 Qc7 24. Bg3 Rxf1+ 25. Nxf1 Rxe8 26. Qxe8 Bxg3 27. hxg3 Qf7 28. Qxf7+ Kxf7 29. Nd2 Bc8 30. Nf3 Bf5 31. Ne5+ Ke6 32. Be2 Kd6 33. a4 bxa4 34. Bxa6 Ne6 35. Bb5 Bc2 36. Nf3 Bd1 37. Kf2 Bxf3 38. Kxf3 Nxg5+ 39. Kg2 a3 40. bxa3 Ne4 41. c4 dxc4 42. Bxc4 g5 43. a4 h6 44. a5 Kc6 45. Bd3 Nd6 46. Kf3 Kd5 47. a6 Nc8 48. Ke3 h5 49. Bg6 h4 50. gxh4 gxh4 51. Be4+ Kc4 52. Bb7 Na7 53. Ke4 h3 54. Ke5 h2 55. Bh1 Kb5 56. d5 Kxa6 57. d6 Kb6 58. Ke6 Nc6 59. d7 Nd8+ 60. Kd6 g5 61. Bg2 g4 62. Bh1 g3 63. Bg2 Nb7+ 64. Ke5 Kc7 65. Kf4 Kxd7 66. Kxg3 h1=B 67. Bxh1 1/2-1/2

[Event "European Online Club-ch-I 2021"]
[Site "Online"]
[Date "2021.03.27"]
[Round "7.18"]
[White "Bilquez, Romain"]
[Black "Sprenar, Petr"]
[Result "1/2-1/2"]
[ECO "B22"]
[WhiteElo "2276"]
[BlackElo "2259"]
[Annotator "NA"]
[PlyCount "38"]
[EventDate "2021.03.27"]
[EventType "team-tourn"]
[EventCountry "NET"]
[SourceTitle "playchess.com"]
[Source "ChessBase"]
[SourceQuality "1"]
[TimeControl "900+5"]

1. e4 c5 2. c3 Nf6 3. e5 Nd5 4. d4 cxd4 5. Nf3 Nc6 6. cxd4 d6 7. Bc4 dxe5 8. dxe5 Ndb4 9. Qb3 e6 10. O-O Na5 11. Bb5+ Bd7 12. Qa4 Bxb5 13. Qxb5+ Nac6 14. Nc3 a6 15. Qc4 Qd3 16. Qb3 Qc2 17. Qc4 Qd3 18. Qb3 Qc2 19. Qc4 Qd3 1/2-1/2

[Event "European Online Club-ch-I 2021"]
[Site "Online"]
[Date "2021.03.27"]
[Round "7.19"]
[White "Eret, Matous"]
[Black "Martsynovskaya, Marina"]
[Result "1-0"]
[ECO "C25"]
[WhiteElo "2255"]
[BlackElo "2046"]
[Annotator "NA"]
[PlyCount "63"]
[EventDate "2021.03.27"]
[EventType "team-tourn"]
[EventCountry "NET"]
[SourceTitle "playchess.com"]
[Source "ChessBase"]
[SourceQuality "1"]
[TimeControl "900+5"]

1. e4 e5 2. Nc3 Nc6 3. f4 exf4 4. d4 Qh4+ 5. Ke2 g5 6. Nf3 Qh5 7. Nd5 Kd8 8. h4 Bg7 9. c3 d6 10. Kf2 h6 11. Be2 Qg6 12. Bd3 Nf6 13. Qc2 Nh5 14. e5 Qe6 15. hxg5 hxg5 16. Nxg5 Qxd5 17. Be4 Qc4 18. b3 Nxd4 19. bxc4 Nxc2 20. Nxf7+ Ke7 21. Nxh8 Nxa1 22. Ng6+ Kf7 23. Rxh5 Be6 24. Bb2 Bxc4 25. Bxa1 Bxa2 26. c4 Bxc4 27. e6+ Bxe6 28. Rh7 Rg8 29. Nxf4 Ba2 30. Nh5 d5 31. Bf5 c5 32. Bxg7 1-0

[Event "European Online Club-ch-I 2021"]
[Site "Online"]
[Date "2021.03.27"]
[Round "7.20"]
[White "Devallee, Jeremie"]
[Black "Stinka, Jakub"]
[Result "1-0"]
[ECO "B21"]
[WhiteElo "2220"]
[BlackElo "2232"]
[Annotator "NA"]
[PlyCount "39"]
[EventDate "2021.03.27"]
[EventType "team-tourn"]
[EventCountry "NET"]
[SourceTitle "playchess.com"]
[Source "ChessBase"]
[SourceQuality "1"]
[TimeControl "900+5"]

1. e4 c5 2. d4 cxd4 3. c3 dxc3 4. Nxc3 Nc6 5. Nf3 e6 6. Bc4 a6 7. O-O Nge7 8. Bg5 f6 9. Be3 b5 10. Bb3 Ng6 11. Nd5 exd5 12. exd5 Nce5 13. Nxe5 fxe5 14. d6 Bb7 15. f4 e4 16. f5 Qf6 17. fxg6 Qxd6 18. Rxf8+ Qxf8 19. Bf7+ Kd8 20. Rc1 1-0

[Event "European Online Club-ch-I 2021"]
[Site "Online"]
[Date "2021.03.27"]
[Round "8.1"]
[White "Ribbegren, Karl Johan"]
[Black "Stephan, Victor"]
[Result "0-1"]
[ECO "A46"]
[WhiteElo "2185"]
[BlackElo "2430"]
[Annotator "NA"]
[PlyCount "134"]
[EventDate "2021.03.27"]
[EventType "team-tourn"]
[EventCountry "NET"]
[SourceTitle "playchess.com"]
[Source "ChessBase"]
[SourceQuality "1"]
[TimeControl "900+5"]

1. d4 Nf6 2. Nf3 e6 3. Bg5 c5 4. e3 cxd4 5. exd4 b6 6. d5 exd5 7. Nc3 Bb4 8. Be2 h6 9. Bh4 Bb7 10. O-O g5 11. Bg3 Bxc3 12. bxc3 Ne4 13. Nd4 O-O 14. Bd3 Nc6 15. Nf5 Qf6 16. Bxe4 dxe4 17. Qxd7 Na5 18. Ne7+ Kg7 19. Qc7 Kh7 20. Rad1 Qe6 21. Rd6 Qc4 22. Nf5 Qxc7 23. Rxh6+ Kg8 24. Bxc7 Nc4 25. Rd1 Bc8 26. Ne3 Kg7 27. Rc6 Nxe3 28. fxe3 Be6 29. Be5+ Kg6 30. Rf1 Rac8 31. Rf6+ Kh7 32. Rd6 Rfd8 33. Rxd8 Rxd8 34. a3 Rd5 35. Bd4 Ra5 36. Kf2 Rxa3 37. Kg3 Ra2 38. h4 gxh4+ 39. Kxh4 Rxc2 40. g4 Rg2 41. g5 Kg8 42. Rh6 Kf8 43. Rh8+ Ke7 44. Ra8 Ra2 45. Kg3 Kd7 46. Kf4 Ra5 47. Rh8 Kc6 48. Re8 Rf5+ 49. Kxe4 Rxg5 50. Kd3 a5 51. c4 Kb7 52. Re7+ Ka6 53. Re8 Kb7 54. Re7+ Kc6 55. Re8 Rg1 56. Rb8 Kc7 57. Rxb6 Rd1+ 58. Kc3 Rxd4 59. Rxe6 Rxc4+ 60. Kxc4 fxe6 61. Kb5 Kd6 62. Kxa5 Kc5 63. Ka4 Kc4 64. Ka3 Kd3 65. Kb2 Kxe3 66. Kc2 e5 67. Kd1 Kf2 0-1

[Event "European Online Club-ch-I 2021"]
[Site "Online"]
[Date "2021.03.27"]
[Round "8.2"]
[White "Bilquez, Romain"]
[Black "Verdier, Patrice"]
[Result "1/2-1/2"]
[ECO "B00"]
[WhiteElo "2276"]
[BlackElo "2109"]
[Annotator "NA"]
[PlyCount "63"]
[EventDate "2021.03.27"]
[EventType "team-tourn"]
[EventCountry "NET"]
[SourceTitle "playchess.com"]
[Source "ChessBase"]
[SourceQuality "1"]
[TimeControl "900+5"]

1. e4 b6 2. Nc3 Bb7 3. d4 Nf6 4. Bd3 e6 5. a3 c5 6. Nf3 Be7 7. O-O O-O 8. e5 Nd5 9. Nxd5 Bxd5 10. c4 Bb7 11. d5 d6 12. exd6 Qxd6 13. dxe6 fxe6 14. Ng5 h6 15. Bh7+ Kh8 16. Qxd6 Bxd6 17. Be4 Bxe4 18. Nxe4 Be5 19. Rb1 Nc6 20. Re1 Bd4 21. Be3 e5 22. b4 cxb4 23. axb4 a5 24. b5 Nb4 25. Bxd4 exd4 26. Red1 Rfd8 27. c5 bxc5 28. Nxc5 Rd6 29. Nb3 Nc2 30. Rbc1 a4 31. Nc5 Na3 32. Ra1 1/2-1/2

[Event "European Online Club-ch-I 2021"]
[Site "Online"]
[Date "2021.03.27"]
[Round "8.3"]
[White "Van Hoolandt, Patrick"]
[Black "Devallee, Jeremie"]
[Result "0-1"]
[ECO "A58"]
[WhiteElo "2017"]
[BlackElo "2220"]
[Annotator "NA"]
[PlyCount "120"]
[EventDate "2021.03.27"]
[EventType "team-tourn"]
[EventCountry "NET"]
[SourceTitle "playchess.com"]
[Source "ChessBase"]
[SourceQuality "1"]
[TimeControl "900+5"]

1. d4 Nf6 2. c4 c5 3. d5 b5 4. cxb5 a6 5. bxa6 g6 6. Nc3 Bxa6 7. g3 Bg7 8. Nf3 d6 9. Bg2 Nfd7 10. Bd2 Nb6 11. b3 N8d7 12. O-O Nf6 13. Nh4 O-O 14. Qc2 Qb8 15. Rfd1 Rc8 16. a4 Ra7 17. Rab1 Na8 18. e4 Rb7 19. Na2 Be2 20. Re1 c4 21. bxc4 Bxc4 22. Rxb7 Qxb7 23. Rb1 Qd7 24. Rc1 Nb6 25. a5 Ba6 26. Qb1 Nc4 27. Be1 Ng4 28. Bh3 h5 29. Nb4 Rb8 30. Qa2 Rxb4 31. Bxb4 Nce5 32. Bg2 Nd3 33. Rb1 Bd4 34. Nf3 Bxf2+ 35. Kh1 Ba7 36. Be1 Nxe1 37. Nxe1 Nf2+ 38. Kg1 Nxe4+ 39. Kh1 Nf2+ 40. Kg1 Qg4 41. Rb6 Bc4 42. Qxf2 Qd1 43. Bf3 Qa1 44. Kg2 Qxa5 45. Qb2 Qxb6 46. Qxb6 Bxb6 47. Nc2 Bc5 48. h4 Kg7 49. g4 hxg4 50. Bxg4 Bxd5+ 51. Kg3 f5 52. Be2 Kf6 53. Ne1 e5 54. Nd3 Ba3 55. Kf2 Bc6 56. h5 gxh5 57. Bxh5 d5 58. Ke3 d4+ 59. Kd2 e4 60. Nf4 Kg5 0-1

[Event "European Online Club-ch-I 2021"]
[Site "Online"]
[Date "2021.03.27"]
[Round "8.5"]
[White "Moranda, Wojciech"]
[Black "Hurdzan, Tomas"]
[Result "1-0"]
[ECO "D37"]
[WhiteElo "2618"]
[BlackElo "2317"]
[Annotator "ChessBase"]
[PlyCount "103"]
[EventDate "2021.03.27"]
[EventType "team-tourn"]
[EventCountry "NET"]
[SourceTitle "playchess.com"]
[Source "ChessBase"]
[SourceQuality "1"]
[TimeControl "900+5"]

1. d4 d5 2. c4 e6 3. Nf3 Nf6 4. Nc3 Be7 5. Bf4 O-O 6. e3 c5 7. dxc5 Bxc5 8. a3 Nc6 9. Qc2 Qa5 10. Ra2 Qd8 11. Be2 d4 12. exd4 Nxd4 13. Nxd4 Bxd4 14. O-O e5 15. Bg3 Qe7 16. Bh4 Be6 17. Ne4 Bf5 18. Bd3 Bxe4 19. Bxe4 h6 20. Bxf6 gxf6 21. a4 Bc5 22. Qe2 f5 23. Bxf5 Rad8 24. b3 Rd4 25. Be4 f5 26. Bd5+ Kg7 27. Rd2 b6 28. g3 a5 29. Kg2 Rxd2 30. Qxd2 Qg5 31. Qe2 Qf6 32. f3 Rd8 33. Kh1 Kh8 34. Re1 Re8 35. Qg2 Re7 36. Qh3 Kg7 37. g4 fxg4 38. Qxg4+ Qg5 39. Qc8 h5 40. Qg8+ Kh6 41. Qh8+ Kg6 42. Be4+ Kf7 43. Rd1 Bd4 44. f4 Qxf4 45. Bg2 Ke6 46. Qc8+ Kf7 47. Rf1 Bf2 48. Bd5+ Kg7 49. Qg8+ Kh6 50. Qg2 e4 51. Rxf2 Qc1+ 52. Rf1 1-0

[Event "European Online Club-ch-I 2021"]
[Site "Online"]
[Date "2021.03.27"]
[Round "8.6"]
[White "Bulockin, Martin"]
[Black "Tomczak, Jacek"]
[Result "0-1"]
[ECO "A43"]
[WhiteElo "2315"]
[BlackElo "2610"]
[Annotator "ChessBase"]
[PlyCount "54"]
[EventDate "2021.03.27"]
[EventType "team-tourn"]
[EventCountry "NET"]
[SourceTitle "playchess.com"]
[Source "ChessBase"]
[SourceQuality "1"]
[TimeControl "900+5"]

1. d4 Nf6 2. Nf3 c5 3. d5 b5 4. a4 b4 5. Bg5 Qb6 6. e3 h6 7. a5 Qd6 8. Bf4 Qxd5 9. Nbd2 d6 10. Bc4 Qb7 11. O-O e5 12. Bxe5 dxe5 13. Nxe5 Be6 14. Bxe6 fxe6 15. Ndc4 Nbd7 16. Ng6 Rg8 17. Nxf8 Kxf8 18. Qd6+ Kf7 19. Rad1 Rgd8 20. b3 Qb8 21. Qc6 Ne5 22. Nd6+ Ke7 23. Nf5+ exf5 24. Qxc5+ Ke6 25. f4 Nf7 26. e4 Nxe4 27. Qc4+ Ke7 0-1

[Event "European Online Club-ch-I 2021"]
[Site "Online"]
[Date "2021.03.27"]
[Round "8.7"]
[White "Klekowski, Maciej"]
[Black "Mladek, Richard"]
[Result "1-0"]
[ECO "E63"]
[WhiteElo "2510"]
[BlackElo "2291"]
[Annotator "ChessBase"]
[PlyCount "91"]
[EventDate "2021.03.27"]
[EventType "team-tourn"]
[EventCountry "NET"]
[SourceTitle "playchess.com"]
[Source "ChessBase"]
[SourceQuality "1"]
[TimeControl "900+5"]

1. c4 Nf6 2. Nc3 g6 3. g3 Bg7 4. Bg2 O-O 5. d4 d6 6. Nf3 Nc6 7. O-O a6 8. e3 e5 9. h3 Rb8 10. d5 Na5 11. Nd2 c5 12. Rb1 b6 13. a3 Ne8 14. b4 Nb7 15. Bb2 f5 16. f4 e4 17. b5 Na5 18. a4 Qe7 19. Qc2 Rf7 20. Ne2 axb5 21. axb5 Ra8 22. Ra1 Bxb2 23. Qxb2 Qf6 24. Qxf6 Nxf6 25. Ra3 Rfa7 26. Rfa1 Nc6 27. Rxa7 Rxa7 28. Rxa7 Nxa7 29. Nc3 Bd7 30. g4 Nc8 31. Kh2 Kg7 32. Bf1 Kf7 33. Be2 Ne7 34. Kg3 Kg7 35. Kf2 Kf7 36. Bf1 Kg7 37. g5 Ne8 38. h4 Kf7 39. Bh3 Nc8 40. Ndxe4 Ke7 41. Ng3 Ng7 42. Bf1 Kd8 43. Be2 Ne7 44. h5 Ne8 45. h6 Nc8 46. Bd3 1-0

[Event "European Online Club-ch-I 2021"]
[Site "Online"]
[Date "2021.03.27"]
[Round "8.8"]
[White "Stinka, Jakub"]
[Black "Teclaf, Pawel"]
[Result "0-1"]
[ECO "A40"]
[WhiteElo "2232"]
[BlackElo "2507"]
[Annotator "ChessBase"]
[PlyCount "106"]
[EventDate "2021.03.27"]
[EventType "team-tourn"]
[EventCountry "NET"]
[SourceTitle "playchess.com"]
[Source "ChessBase"]
[SourceQuality "1"]
[TimeControl "900+5"]

1. d4 e6 2. c4 b6 3. e4 Bb7 4. Bd3 Nc6 5. Be3 Nb4 6. Nc3 f5 7. Bb1 fxe4 8. Bxe4 Bxe4 9. Nxe4 d5 10. Ng3 dxc4 11. Qh5+ g6 12. Qb5+ c6 13. Qxc4 Qd5 14. Qxd5 cxd5 15. Kd2 Rc8 16. a3 Nc6 17. Rc1 Bg7 18. f4 Nh6 19. Nf3 Kd7 20. b4 Ng4 21. h3 Nxe3 22. Kxe3 Rhf8 23. Ne2 a5 24. b5 Ne7 25. a4 Rc4 26. Rxc4 dxc4 27. Ne5+ Bxe5 28. dxe5 Nd5+ 29. Ke4 c3 30. Rc1 Rc8 31. Kd3 Nb4+ 32. Ke3 c2 33. Kd2 Rc4 34. g3 Ke7 35. h4 h5 36. Nc3 Rd4+ 37. Ke2 Rd3 38. Rxc2 Rxg3 39. Rc1 Rg4 40. Ne4 Rxf4 41. Nd6 Nd5 42. Rc8 Rxa4 43. Re8+ Kd7 44. Rb8 Rxh4 45. Rb7+ Kd8 46. Nf7+ Ke8 47. Nd6+ Kf8 48. Nc8 Re4+ 49. Kf3 Re3+ 50. Kf2 Rxe5 51. Nxb6 Nxb6 52. Rxb6 a4 53. Rb8+ Kg7 0-1

[Event "European Online Club-ch-I 2021"]
[Site "Online"]
[Date "2021.03.27"]
[Round "8.9"]
[White "Anton Guijarro, David"]
[Black "Skytte, Rasmus"]
[Result "1-0"]
[ECO "A43"]
[WhiteElo "2673"]
[BlackElo "2381"]
[Annotator "ChessBase"]
[PlyCount "73"]
[EventDate "2021.03.27"]
[EventType "team-tourn"]
[EventCountry "NET"]
[SourceTitle "playchess.com"]
[Source "ChessBase"]
[SourceQuality "1"]
[TimeControl "900+5"]

1. d4 Nf6 2. Nf3 c5 3. d5 d6 4. Nc3 Qa5 5. Bd2 b5 6. a3 a6 7. e4 Qc7 8. b4 g6 9. bxc5 Qxc5 10. Bd3 Bg7 11. O-O O-O 12. h3 Nbd7 13. Ne2 Nh5 14. Be3 Qc7 15. Ned4 Ne5 16. Nxe5 Bxe5 17. a4 b4 18. a5 Bd7 19. Qd2 Nf4 20. Qxb4 Nxd3 21. cxd3 Rab8 22. Qd2 f5 23. Rac1 Qb7 24. Nc6 f4 25. Bb6 Bxc6 26. dxc6 Qc8 27. d4 Bg7 28. c7 Rb7 29. Qd3 f3 30. Qxa6 fxg2 31. Kxg2 Rxc7 32. Qxc8 Rcxc8 33. Rxc8 Rxc8 34. a6 Ra8 35. a7 Bh6 36. Rb1 Kf7 37. d5 1-0

[Event "European Online Club-ch-I 2021"]
[Site "Online"]
[Date "2021.03.27"]
[Round "8.10"]
[White "Sorensen, Jan"]
[Black "Mchedlishvili, Mikheil"]
[Result "0-1"]
[ECO "B10"]
[WhiteElo "2369"]
[BlackElo "2570"]
[Annotator "ChessBase"]
[PlyCount "72"]
[EventDate "2021.03.27"]
[EventType "team-tourn"]
[EventCountry "NET"]
[SourceTitle "playchess.com"]
[Source "ChessBase"]
[SourceQuality "1"]
[TimeControl "900+5"]

1. e4 c6 2. Nf3 d5 3. d3 Bg4 4. h3 Bh5 5. Qe2 e6 6. g4 Bg6 7. h4 h5 8. Ne5 Bh7 9. g5 Nd7 10. Nxf7 Kxf7 11. Qxh5+ g6 12. Qg4 Bd6 13. Bh3 Nf8 14. f4 Ne7 15. b3 Bb4+ 16. Bd2 Bxd2+ 17. Nxd2 Qa5 18. Ke2 Qc3 19. Rac1 Ke8 20. Nf3 Rd8 21. Kf2 Bg8 22. Kg2 dxe4 23. dxe4 e5 24. f5 gxf5 25. exf5 Bd5 26. Rhe1 Nfg6 27. fxg6 Nxg6 28. Re4 Bxe4 29. Qxe4 Nxh4+ 30. Nxh4 Rd2+ 31. Kg1 Qg3+ 32. Ng2 Rxh3 33. Qg6+ Kd8 34. Qf6+ Kc7 35. Qe7+ Rd7 36. Qc5 Rdh7 0-1

[Event "European Online Club-ch-I 2021"]
[Site "Online"]
[Date "2021.03.27"]
[Round "8.11"]
[White "Ibarra Jerez, Jose Carlos"]
[Black "Vinter-Schou, Uffe"]
[Result "1-0"]
[ECO "B43"]
[WhiteElo "2553"]
[BlackElo "2320"]
[Annotator "ChessBase"]
[PlyCount "59"]
[EventDate "2021.03.27"]
[EventType "team-tourn"]
[EventCountry "NET"]
[SourceTitle "playchess.com"]
[Source "ChessBase"]
[SourceQuality "1"]
[TimeControl "900+5"]

1. e4 c5 2. Nc3 a6 3. Nf3 e6 4. d4 cxd4 5. Nxd4 b5 6. g3 Bb7 7. Bg2 Nf6 8. a3 b4 9. axb4 Bxb4 10. O-O O-O 11. Bg5 d6 12. Re1 Qc7 13. Bxf6 gxf6 14. Re3 Nd7 15. Nce2 Ne5 16. Nf4 Bc5 17. Nh5 Qe7 18. c3 Kh8 19. h3 Rg8 20. Kh2 Rad8 21. b4 Bb6 22. Qb3 Rc8 23. Re2 Rc7 24. Rc2 Rgc8 25. Raa2 Nd3 26. Kg1 Bxd4 27. cxd4 Rxc2 28. Rxc2 Rxc2 29. Qxc2 Nxb4 30. Qd2 1-0